 Dungeon Crawl Stone Soup version 0.21.1-1-g345015f (webtiles) character file.

251 inc the Scratcher (level 5, -3/24 HPs)
             Began as a Felid Chaos Knight on Feb 22, 2018.
             Slain by an ice beast (13 damage)
             ... on level 6 of the Dungeon.
             The game lasted 00:11:42 (4743 turns).

inc the Scratcher (Felid Chaos Knight)              Turns: 4743, Time: 00:11:43

Health: -3/24      AC:  1    Str:  8    XL:     5   Next: 88%
Magic:  6/6        EV: 18    Int: 17    God:    Xom [.....*]
Gold:   215        SH:  3    Dex: 17    Spells: 4/4 levels left
                                        Lives:  0   Deaths: 1

rFire    . . .     SeeInvis +     - Unarmed
rCold    . . .     Gourm    .   (shield unavailable)
rNeg     + . .     Faith    .   (armour unavailable)
rPois    .         Spirit   .   (helmet unavailable)
rElec    .         Reflect  +   (cloak unavailable)
rCorr    .         Harm     .   (gloves unavailable)
MR       .....                  (boots unavailable)
Stlth    +++.......             c - +3 amulet of reflection
HPRegen  0.08/turn              f - ring of positive energy
MPRegen  0.10/turn              r - +2 ring of intelligence

@: quick
A: very small, no armour, no weapons or thrown items, stealth, claws 1, fangs 3,
see invisible, agile 1, carnivore, speed 1, shaggy fur 1, slow metabolism 1,
evolution 1, sharp paws
a: Renounce Religion


You were on level 6 of the Dungeon.
You worshipped Xom.
You were Xom's teddy bear.
You were hungry.

You visited 1 branch of the dungeon, and saw 6 of its levels.

You collected 215 gold pieces.

Inventory:

Jewellery
 c - a +3 amulet of reflection (around neck)
 f - a ring of positive energy (left paw)
 r - a +2 ring of intelligence (right paw)
Wands
 o - a wand of enslavement (13)
Scrolls
 d - 2 scrolls of enchant weapon {unknown}
 e - a scroll of noise {unknown}
 g - a scroll of remove curse {unknown}
 i - 3 scrolls of teleportation {unknown}
 k - 2 scrolls of blinking {unknown}
 m - a scroll of immolation {unknown}
 n - a scroll of enchant armour {unknown}
 t - a scroll of identify
 u - a scroll of fear {unknown}
Potions
 b - 2 potions of might
 h - 2 potions of degeneration
 j - 2 potions of magic
 l - 3 potions of curing {unknown}
 p - a potion of flight
 q - 2 potions of cancellation {unknown}
 s - a potion of mutation {unknown}
Comestibles
 a - 12 rations


   Skills:
 - Level 3.0 Fighting
 + Level 3.2 Dodging
 - Level 4.2 Stealth
 - Level 6.2 Unarmed Combat


You had 4 spell levels left.
You didn't know any spells.

Dungeon Overview and Level Annotations

Branches:
Dungeon (6/15)             Temple (0/1) D:6

Altars:
Cheibriados
Fedhas
Makhleb
Xom

Annotations:
D:2 Robin
D:3 Ijyb; bobthegiant's ghost, amateur MiMo


Innate Abilities, Weirdness & Mutations

You cannot wear armour.
You are incapable of wielding weapons or throwing items.
Your paws allow you to move quietly. (Stealth)
You have sharp claws.
You have razor-sharp teeth.
You have supernaturally acute eyesight. (SInv)
You are carnivorous and can eat meat at any time.
You cover ground quickly.
You are covered in fur. (AC +1)
You have a slow metabolism.
Your sharp claws are effective at attacking unaware monsters.
You are agile. (Dex +2)
You evolve.


Message History

Your surroundings suddenly seem different.
You start resting.
You are feeling hungry.
You start resting.
HP restored.
Found a dagger.
There is an open door here.
There is a staircase to the Ecumenical Temple here.
You open the door.
There is an open door here.
You scratch the ice beast.
The ice beast is moderately wounded.
The ice beast hits you. The ice beast freezes you.
You closely miss the ice beast.
You claw the ice beast, but do no damage.
The ice beast is moderately wounded.
The ice beast hits you. The ice beast freezes you!
Ouch! That really hurt!
You die...
Xom roars with laughter!

........+.....#########..........
.....##.#..............###.#.....
........................)...Y....
####.#...###.###.......###.....##
...#.#.#.# #.# #.......# #.....#
##.#.#.#.###'###.#####.# #..<..#
.#.#.#.#.#.....#.......###.#...#
..[#.#.#.#.⌠.⌠.#........##.#...#
####+#+#.'..>..'@Y.........#.#.#
.........#.⌠.⌠.#........####...#
###.....##.....#........# .. #
#_....####'###........# ...
#_..._# #.#.......)..# ...
#_....# ##............# #._...#
#.............#
#_....###........######
#....._.#........#


You could see an ice beast.

Vanquished Creatures
  A water moccasin skeleton (D:5)
  A howler monkey (D:5)
  A crimson imp (D:3)
  A bullfrog skeleton (D:4)
  A hound zombie (D:5)
  2 adders
  2 worms
  5 leopard geckos
  8 orcs
  A ball python (D:6)
  5 giant cockroaches
  5 goblins
  9 hobgoblins
  7 jackals (D:1)
  8 kobolds
  A quokka (D:2)
  9 bats
  7 frilled lizards
  16 rats
90 creatures vanquished.

Vanquished Creatures (collateral kills)
  A jelly (D:5)
1 creature vanquished.

Grand Total: 91 creatures vanquished

Notes
Turn   | Place    | Note
-------+----------+-------------------------------------------
     0 | D:1      | inc the Felid Chaos Knight began the quest for the Orb.
     0 | D:1      | Reached XP level 1. HP: 10/10 MP: 2/2
   459 | D:1      | XOM: enchant monster (good)
   460 | D:1      | Reached XP level 2. HP: 14/14 MP: 3/3
   612 | D:1      | XOM: scenery: create altars
   738 | D:1      | XOM: 1-stop teleportation journey
   772 | D:1      | Reached skill level 4 in Unarmed Combat
  1066 | D:1      | XOM: confuse monster(s)
  1068 | D:1      | Reached XP level 3. HP: 17/17 MP: 4/4
  1698 | D:2      | Noticed Robin
  1703 | D:2      | Reached skill level 1 in Stealth
  2102 | D:3      | Noticed bobthegiant's ghost (amateur MiMo)
  2261 | D:2      | Reached XP level 4. HP: 6/21 MP: 5/5
  2430 | D:2      | XOM: give mutation
  2430 | D:2      | Gained mutation: You evolve. [Xom's grace]
  2669 | D:2      | XOM is BORED!
  2669 | D:2      | XOM: mild Erth miscast
  2746 | D:3      | Found a burning altar of Makhleb.
  2864 | D:3      | Noticed Ijyb
  2873 | D:3      | XOM: god gift: thick smoking staff {god gift}
  2881 | D:3      | Killed from afar by Ijyb
  2882 | D:3      | Reached XP level 3. HP: -2/17 MP: 4/4
  2907 | D:3      | XOM: cloud trail
  2983 | D:3      | XOM: potion effect (haste)
  2993 | D:3      | XOM: god gift: 5 rations
  3034 | D:4      | Reached XP level 4. HP: 17/21 MP: 5/5
  3047 | D:4      | XOM: 1-stop teleportation journey
  3334 | D:4      | Reached skill level 5 in Unarmed Combat
  3389 | D:4      | Found a blossoming altar of Fedhas.
  3525 | D:4      | XOM: butterfly on damage
  3562 | D:5      | Entered Level 5 of the Dungeon
  3720 | D:5      | XOM: 2-stop teleportation journey
  3721 | D:5      | XOM: god gift: runed gilded ring {god gift}
  3732 | D:5      | XOM: 1-stop teleportation journey
  3749 | D:5      | XOM: cleaving
  3756 | D:5      | Reached XP level 5. HP: 20/24 MP: 6/6
  3843 | D:5      | XOM: summons 4 friendly demons
  4158 | D:5      | Reached skill level 6 in Unarmed Combat
  4160 | D:5      | Found a snail-covered altar of Cheibriados.
  4163 | D:5      | XOM: 1-stop teleportation journey
  4220 | D:5      | Gained mutation: You are agile. (Dex +2) [evolution]
  4452 | D:6      | XOM: scenery: create altars
  4461 | D:6      | Found a staircase to the Ecumenical Temple.
  4546 | D:6      | Noticed an ice beast
  4566 | D:6      | XOM: 1-stop teleportation journey
  4743 | D:6      | Slain by an ice beast

Skill      XL: |  1  2  3  4  5 |
---------------+----------------+-----
Unarmed Combat | 4 5 6 |  6.2
Stealth        | 4 3 |  4.2
Fighting       | |  3.0
Dodging        | |  3.2

Action                   |  1- 3 |  4- 6 || total
-------------------------+-------+-------++-------
Melee: Unarmed           |   171 |   111 ||   282
       Bite              |    18 |    20 ||    38
       Punch             |     6 |     4 ||    10
  Use: Scroll            |     2 |     2 ||     4
       Potion            |       |     1 ||     1
 Stab: Paralysed         |     1 |       ||     1
       Sleeping          |    13 |     5 ||    18
       Confused          |     1 |       ||     1
  Eat: Chunk             |     8 |     1 ||     9
Armor: Skin              |     6 |     6 ||    12
Dodge: Dodged            |   111 |    74 ||   185
Block: Other             |       |     3 ||     3
